 Dungeon Crawl Stone Soup version 0.12.2-14-g7c90c79 (webtiles) character file.

159 MarVin the Skirmisher (level 3, -6/30 HPs)
             Began as a Demonspawn Fighter on Aug 5, 2013.
             Killed by divine providence
             ... invoked by an orc priest
              (14 damage)
             ... on Level 3 of the Dungeon.
             The game lasted 00:06:52 (1870 turns).

MarVin the Skirmisher (Demonspawn Fighter)          Turns: 1870, Time: 00:06:52

HP  -6/30        AC 11     Str 17      XL: 3   Next: 62%
MP   2/2         EV  5     Int  9      God:
Gold 106         SH 18     Dex 12      Spells:  0 memorised,  2 levels left

Res.Fire  : . . .   See Invis. : .   w - +0 war axe
Res.Cold  : + . .   Warding    : .   b - +0 scale mail
Life Prot.: . . .   Conserve   : .   c - +0 shield
Res.Poison: .       Res.Corr.  : .   (no helmet)
Res.Elec. : .       Clarity    : .   h - +0 cloak
Sust.Abil.: . .     Spirit.Shd : .   (no gloves)
Res.Mut.  : .       Stasis     : .   (no boots)
Res.Rott. : .       Ctrl.Telep.: .   (no amulet)
Saprovore : . . .   Flight     : .   (no ring)
                                     (no ring)

@: not resistant to hostile enchantments, extremely unstealthy
A: cold resistance 1, AC +4
a: no special abilities


You were on level 3 of the Dungeon.
You were very hungry.

You visited 1 branch of the dungeon, and saw 3 of its levels.

You collected 86 gold pieces.

Inventory:

Hand weapons
 a - a +0,+0 hand axe {=f}
 s - a +0,+1 orcish hand axe
 t - a +0,+1 orcish hand axe (quivered)
 w - a +0,+0 war axe (weapon)
 y - a +1 elven blowgun
Missiles
 z - 5 poisoned needles
Armour
 b - a +0 scale mail (worn)
 c - a +0 shield (worn)
 h - a +0 cloak (worn)
 p - a +0 scale mail
 q - a +1 dwarven buckler
Comestibles
 d - 2 bread rations
 k - a meat ration
 m - a banana
Scrolls
 e - 4 scrolls of amnesia {unknown}
 f - 2 scrolls of remove curse {unknown}
 i - a scroll of curse armour {unknown}
 l - 3 scrolls of enchant weapon II {unknown}
 n - a scroll of curse jewellery {unknown}
 o - 2 scrolls of random uselessness {unknown}
 v - a scroll of identify {unknown}
Jewellery
 j - an uncursed ring of magical power {unknown}
Potions
 u - a potion of magic {unknown}
Books
 r - a book of Cantrips

   Spells                             Type                      Level
   Confusing Touch                    Hexes                        1
   Animate Skeleton                   Necromancy                   1
   Summon Small Mammals               Summoning                    1
   Apportation                        Translocation                1


   Skills:
 - Level 3.1 Fighting
 * Level 3.1 Axes
 - Level 3.0 Armour
 - Level 3.0 Shields


You had 2 spell levels left.
You didn't know any spells.

Dungeon Overview and Level Annotations

Branches:
Dungeon (3/27)

Altars:
Fedhas


Innate Abilities, Weirdness & Mutations

You are partially covered in iridescent scales (AC +4).
Your flesh is cold resistant.


Message History

The goblin hits you but does no damage.
Eat which item? (? for menu, Esc to quit)
You are feeling very hungry.
You continue eating.
The goblin hits you but does no damage.
You finish eating.
That choko was very bland.
You closely miss the goblin.
The orc priest invokes the aid of Beogh against you.
Something smites you! The goblin hits you but does no damage.
The goblin hits you with an orcish club.
* * * LOW HITPOINT WARNING * * *
You are too injured to fight recklessly!
You block the goblin's attack.
You see here 22 darts.
An orc comes into view. It is wielding an orcish hammer.
The orc shouts!
The orc priest hits you but does no damage.
The orc priest invokes the aid of Beogh against you.
Something smites you!
You die...

#... #... #...
#... #...#######
+.....oS..#
#...#.###(#
#####o###g# ###
#>.@..# #.#
#.###.#########.#
#.# #.#.........#
..# #.#.#######.#
...# #.#.# #.#
..o.# #%#.#####
#.# ..o..#
#.#.....###.#
....
#.#####.#...# .
#.# #.#.###


You could see an orc priest and a goblin.

Vanquished Creatures
  A giant gecko (D:3)
  6 orcs (D:3)
  6 goblins
  5 hobgoblins
  3 jackals (D:2)
  A quokka (D:2)
  4 bats
  A giant cockroach (D:3)
  2 giant newts (D:2)
  8 kobolds
  2 rats
39 creatures vanquished.

Notes
Turn   | Place    | Note
--------------------------------------------------------------
     0 | D:1      | MarVin, the Demonspawn Fighter, began the quest for the Orb.
     0 | D:1      | Reached XP level 1. HP: 18/18 MP: 0/0
   226 | D:1      | Gained mutation: You are partially covered in iridescent scales (AC +4). [demonic ancestry]
   226 | D:1      | Reached XP level 2. HP: 24/24 MP: 1/1
   912 | D:2      | Found a blossoming altar of Fedhas.
  1138 | D:2      | Gained mutation: Your flesh is cold resistant. [demonic ancestry]
  1138 | D:2      | Reached XP level 3. HP: 30/30 MP: 2/2
  1870 | D:3      | Killed from afar by an orc priest

Action                   || total
-------------------------++-------
Melee: Hand axe          ||   158
       War axe           ||    11
